Map: Neon Violet Square LE

Players

Bly

  • Race: Zerg Zerg
  • Spawn Location: 11:00

liquidthermy (uThermal) - Winner!

  • Race: Terran Terran
  • League: Grandmaster
  • Spawn Location: 5:00

Event: WESG Barcelona European Finals 2017

VOD

Have the link to the VOD?

Description

Time

  • Played on: Nov. 23, 2017, 8:24 a.m.
  • Length: 16:35

All games in this series

Show
View Real Time Build Order
Export as new Build Order

Bly Zerg 

Build Orders: Hatch First, Swarm Host, Roach Nydus 

Get SALT Encoding   

  12  0:01  Drone  
  13  0:13  Overlord  
  13  0:19  Drone  
  14  0:32  Drone x2  
  16  0:36  Drone  
  17  0:52  Hatchery  
  16  0:57  Drone  
  16  1:00  Drone  
  18  1:10  Extractor  
  17  1:18  Spawning Pool  
  17  1:20  Drone  
  17  1:22  Drone  
  18  1:28  Drone  
  19  1:39  Overlord  
  19  1:49  Drone  
  20  2:05  Queen x2  
  20  2:06  Zergling x4  
  26  2:17  Drone x2  
  28  2:23  Drone  
  29  2:37  Drone x2  
  29  2:38  Drone  
  29  2:41  Queen  
  33  2:48  Lair  
  33  2:51  Extractor  
  32  3:00  Drone x3  
  32  3:02  Overlord  
  35  3:12  Overlord  
  34  3:19  Drone  
  36  3:20  Queen, Drone  
  36  3:23  Roach Warren  
  36  3:25  Drone x2  
  39  3:31  Drone x2  
  41  3:44  Overlord  
  41  3:52  Nydus Network, Overlord  
  41  3:53  Overlord  
  40  4:05  Roach x4  
  40  4:06  Roach  
  40  4:09  Roach  
  52  4:12  Roach  
  52  4:16  Roach  
  56  4:21  Roach  
  58  4:27  Roach  
  60  4:32  Nydus Canal  
  56  4:40  Roach x2  
  58  4:53  Drone x3  
  58  4:55  Drone  
  58  4:59  Nydus Canal, Drone x2  
  61  5:00  Drone  
  61  5:08  Roach  
  61  5:09  Overlord  
  61  5:11  Overlord  
  63  5:23  Drone x4  
  61  5:35  Drone x2  
  54  5:47  Roach x2  
  50  5:52  Queen x2, Overlord  
  54  5:59  Roach  
  54  6:01  Overlord  
  56  6:05  Hatchery  
  56  6:11  Glial Reconstitution  
  55  6:13  Drone x2, Extractor  
  55  6:14  Extractor  
  55  6:18  Drone  
  56  6:21  Drone  
  57  6:32  Drone x2  
  59  6:36  Overlord  
  59  6:38  Drone x2  
  62  6:40  Drone  
  62  7:00  Roach x3, Hatchery  
  67  7:02  Roach x3  
  67  7:03  Overseer  
  69  7:19  Drone  
  69  7:20  Drone x4  
  74  7:29  Infestation Pit  
  66  7:40  Drone x8  
  66  7:41  Drone x2  
  76  7:47  Drone x2  
  78  7:51  Drone  
  78  7:57  Burrow  
  79  8:04  Drone x2  
  79  8:05  Drone x6  
  85  8:25  Swarm Host x5  
  85  8:26  Swarm Host x2  
  106  8:31  Drone x3  
  106  8:32  Drone x3  
  112  8:34  Extractor  
  112  8:35  Extractor  
  110  8:45  Overlord x3  
  110  8:47  Drone x2  
  112  9:04  Drone x3  
  112  9:07  Swarm Host  
  112  9:08  Swarm Host x6  
  136  9:12  Hive  
  136  9:13  Overlord  
  136  9:17  Hydralisk Den  
  136  9:18  Evolution Chamber  
  134  9:44  Overlord x2  
  134  9:57  Muscular Augments, Zerg Missile Weapons Level 1  
  134  9:58  Drone x7  
  141  10:00  Overlord x5, Extractor x2  
  139  10:08  Hydralisk x6  
  139  10:10  Hatchery  
  148  10:26  Viper x2  
  148  10:27  Viper  
  157  10:33  Hydralisk x4  
  165  10:39  Drone x3  
  165  10:40  Drone x4  
  165  10:42  Spore Crawler  
  163  10:58  Drone x3  
  163  10:59  Drone x3  
  169  11:09  Evolution Chamber  
  168  11:16  Spine Crawler  
  168  11:17  Spine Crawler  
  168  11:18  Spine Crawler  
  165  11:26  Hydralisk x4  
  165  11:27  Hydralisk x6  
  185  11:43  Hydralisk x6  
  185  11:45  Overlord  
  160  12:03  Hydralisk x8  
  172  12:25  Overlord  
  172  12:26  Zerg Missile Weapons Level 2  
  172  12:28  Zerg Melee Weapons Level 1, Spire  
  169  12:42  Hydralisk  
  169  12:43  Hydralisk x9  
  189  12:57  Viper x3  
  198  13:11  Hydralisk x5  
  198  13:12  Hydralisk x2  
  192  13:25  Hydralisk x6  
  185  13:31  Hydralisk x2  
  163  13:34  Roach x2  
  163  13:40  Greater Spire  
  159  13:50  Roach x2  
  165  13:58  Hatchery  
  160  14:14  Hydralisk x8  
  154  14:29  Hydralisk x7  
  152  14:35  Hydralisk x2  
  144  14:40  Hydralisk  
  144  14:42  Roach x2  
  130  14:47  Roach x2  
  130  14:52  Roach x2  
  106  15:07  Roach  
  106  15:08  Roach x5  
  106  15:13  Hydralisk x2  
  106  15:26  Roach x2  
  106  15:27  Roach  
  111  15:29  Ravager  
  111  15:30  Ravager x5  
  111  15:43  Roach x3  
  114  16:03  Viper x2  
  104  16:11  Roach  
  104  16:12  Roach x3  
Show
View Real Time Build Order
Export as new Build Order

liquidthermy Terran - Winner!

Build Orders: Gas First Reaper Expand, Liberator Opening, Reaper Expand, Mech 

Get SALT Encoding   

  12  0:01  SCV  
  13  0:13  SCV  
  14  0:17  Supply Depot  
  14  0:25  SCV  
  14  0:28  Refinery  
  15  0:39  SCV  
  16  0:45  Barracks  
  16  0:51  SCV  
  17  1:03  SCV  
  18  1:15  SCV  
  19  1:32  Reaper, Orbital Command  
  20  1:45  Command Center  
  20  1:57  SCV  
  20  2:00  Factory  
  21  2:06  Barracks Reactor  
  21  2:09  SCV  
  21  2:13  Supply Depot  
  22  2:20  Refinery  
  22  2:22  SCV  
  23  2:35  SCV  
  24  2:44  Marine x2, Hellion  
  24  2:47  Starport  
  24  2:49  SCV  
  29  2:58  Orbital Command  
  29  3:01  SCV  
  30  3:09  Marine x2  
  32  3:13  SCV  
  32  3:17  Cyclone  
  36  3:23  SCV  
  36  3:25  SCV  
  38  3:27  Medivac  
  38  3:30  Marine  
  38  3:32  Marine  
  42  3:40  Supply Depot  
  43  3:41  SCV  
  43  3:42  SCV  
  43  3:45  Liberator  
  44  3:53  Factory Tech Lab  
  44  3:54  Marine  
  44  3:55  SCV  
  46  4:02  SCV  
  50  4:07  SCV  
  50  4:08  Supply Depot  
  51  4:11  Marine  
  51  4:12  Marine  
  51  4:14  SCV  
  54  4:27  Supply Depot  
  54  4:29  Marine x2  
  54  4:30  SCV x2, Siege Tank  
  61  4:39  Supply Depot  
  61  4:42  SCV x2  
  60  4:45  Engineering Bay  
  60  4:52  Marine x2  
  60  4:54  SCV x2  
  59  5:06  SCV x2  
  61  5:10  Marine  
  61  5:11  Siege Tank  
  61  5:13  Marine  
  66  5:18  SCV x2  
  67  5:28  Marine  
  68  5:30  SCV  
  68  5:31  Marine  
  66  5:49  SCV  
  66  5:53  Medivac  
  66  5:54  SCV  
  67  6:01  SCV  
  68  6:07  Command Center  
  68  6:09  Hellion x2  
  73  6:13  SCV  
  73  6:16  Refinery x2  
  73  6:17  Supply Depot  
  73  6:23  Armory  
  73  6:24  SCV  
  74  6:25  SCV  
  74  6:31  Hellion  
  77  6:36  SCV  
  77  6:39  SCV  
  79  6:40  Supply Depot, Hellion  
  81  6:51  Factory  
  81  6:52  Starport Tech Lab  
  81  6:53  Factory, Barracks Reactor  
  81  6:58  Hellion  
  83  7:02  SCV x2, Hellion  
  83  7:08  Missile Turret  
  87  7:11  Missile Turret  
  87  7:14  SCV x2  
  85  7:19  Terran Vehicle Weapons Level 1  
  85  7:21  Orbital Command  
  81  7:25  Hellion x2  
  81  7:26  SCV  
  86  7:35  Siege Tank  
  87  7:44  Siege Tank  
  88  7:45  SCV x2  
  88  7:48  Missile Turret  
  88  7:49  SCV  
  91  7:54  Hellion x2  
  91  7:57  SCV x2  
  97  8:01  SCV  
  97  8:03  Refinery  
  98  8:05  Refinery  
  98  8:07  Siege Tank  
  98  8:09  SCV x2  
  101  8:15  Missile Turret  
  101  8:16  Hellion x2, Siege Tank  
  108  8:21  SCV, Supply Depot  
  108  8:22  SCV  
  108  8:24  SCV, Refinery  
  108  8:26  Liberator  
  109  8:35  Factory  
  109  8:37  Factory  
  109  8:41  Supply Depot  
  109  8:43  SCV x3  
  109  8:45  Liberator  
  109  8:48  Supply Depot, Hellion  
  117  8:56  Sensor Tower  
  117  9:01  Sensor Tower  
  117  9:03  Infernal Pre-Igniter, Hellion, Siege Tank  
  117  9:08  Supply Depot x2  
  125  9:10  Hellion  
  125  9:13  Hellion  
  129  9:22  Hellion  
  131  9:29  Command Center, Siege Tank  
  131  9:30  Factory Tech Lab  
  134  9:33  Hellion  
  134  9:35  Hellion, Siege Tank  
  141  9:42  Supply Depot x2, Viking  
  143  9:45  Viking  
  143  9:50  Siege Tank  
  148  9:58  Supply Depot  
  148  9:59  Supply Depot  
  148  10:04  Factory Reactor, Hellion x2, Siege Tank  
  148  10:05  Terran Vehicle And Ship Armor Level 1  
  153  10:07  Siege Tank  
  153  10:08  Supply Depot  
  156  10:19  Hellion x3, Viking  
  156  10:20  Supply Depot  
  156  10:22  Hellion  
  156  10:25  Viking  
  156  10:27  Hellion  
  162  10:34  Hellion  
  158  10:36  Siege Tank  
  158  10:39  Siege Tank  
  164  10:47  Orbital Command  
  164  10:49  Hellion, Siege Tank  
  162  10:52  Viking  
  163  10:59  Hellion  
  162  11:05  Armory  
  162  11:07  Hellion  
  164  11:12  Siege Tank  
  164  11:13  Hellion  
  163  11:23  Medivac x2  
  163  11:26  Hellion x2, Siege Tank  
  163  11:28  SCV x3  
  163  11:29  SCV  
  163  11:32  Refinery  
  168  11:40  SCV x3  
  168  11:41  SCV  
  168  11:42  Hellion, Siege Tank  
  168  11:43  Hellion  
  168  11:45  Hellion  
  168  11:55  Hellion  
  168  11:56  Hellion  
  168  11:58  Siege Tank  
  168  12:03  Hellion  
  168  12:05  Hellion  
  168  12:06  SCV x3, Siege Tank  
  168  12:07  SCV, Refinery  
  175  12:10  Viking  
  175  12:14  Siege Tank  
  180  12:18  SCV  
  177  12:23  Hellion x2  
  177  12:28  Hellion  
  177  12:29  Hellion  
  185  12:30  Siege Tank  
  185  12:34  Hellion x12  
  187  12:38  Siege Tank  
  189  12:44  Hellion  
  189  12:45  Terran Vehicle Weapons Level 2  
  189  12:46  Siege Tank  
  189  12:47  Command Center, Hellion  
  189  12:50  Hellion x2  
  200  13:04  Engineering Bay  
  200  13:10  Hellion, Siege Tank  
  200  13:12  Hellion, Siege Tank  
  194  13:14  Hellion  
  194  13:15  Hellion  
  194  13:18  Siege Tank  
  194  13:19  Liberator  
  197  13:25  Viking  
  186  13:31  Hellion  
  186  13:33  Hellion  
  176  13:35  Hellion  
  176  13:39  Hellion  
  183  13:42  Siege Tank  
  183  13:44  Siege Tank  
  189  13:50  Hellion  
  189  13:53  Hellion  
  189  13:55  Hellion, Viking  
  197  13:57  Hellion  
  193  14:05  Hellion  
  188  14:11  Siege Tank  
  188  14:14  Hellion, Siege Tank  
  188  14:16  Hellion, Siege Tank  
  196  14:19  Viking  
  196  14:22  Hellion  
  181  14:25  Viking  
  181  14:26  Hellion  
  171  14:33  Liberator  
  171  14:35  Hellion  
  171  14:37  Hellion  
  171  14:43  Hellion, Siege Tank  
  166  14:46  Siege Tank  
  166  14:48  Hellion, Siege Tank  
  173  14:57  Hellion  
  173  15:02  Hellion x3  
  173  15:06  Hellion  
  170  15:13  Planetary Fortress  
  161  15:15  Hellion  
  161  15:16  Siege Tank  
  161  15:18  Siege Tank  
  161  15:19  Hellion  
  161  15:20  Siege Tank  
  172  15:26  Hellion x4  
  172  15:28  Hellion  
  174  15:33  Hellion  
  174  15:37  Hellion  
  174  15:41  Hellion  
  178  15:43  Refinery  
  178  15:44  Refinery  
  178  15:48  Siege Tank  
  178  15:49  Hellion  
  181  15:50  Siege Tank  
  181  15:52  Siege Tank  
  181  15:54  Hellion  
  187  15:58  Hellion  
  187  16:02  Hellion  
  183  16:10  Hellion  
  176  16:24  Starport  
  185  16:25  Starport x2  
  185  16:28  Starport  
Tags
 
Add a new tag
Caveats
  • Supply blocks, unpowered buildings, or Contaminate may cause inaccurate times.
  • Supply counts are checked every 10 seconds.